 Dungeon Crawl Stone Soup version 0.25-a0-294-gea9b1ad378 (webtiles) character file.

Game seed: 2696018720355110163, levelgen mode: classic

14462 Borgoz the Protected (level 12, -66/72 HPs)
             Began as a Gargoyle Berserker on Dec 19, 2019.
             Was a High Priest of Trog.
             Annihilated by a titanic slime creature (70 damage)
             ... on level 12 of the Dungeon.
             The game lasted 00:18:47 (10521 turns).

Borgoz the Protected (Gargoyle Berserker)          Turns: 10521, Time: 00:18:48

Health: -66/72     AC: 24    Str: 23    XL:     12   Next: 16%
Magic:  12/12      EV: 17    Int:  7    God:    Trog [*****.]
Gold:   424        SH:  0    Dex: 13    Spells: 11/11 levels left

rFire    . . .     SeeInvis .   a - +8 dire flail
rCold    . . .     Gourm    .   (shield currently unavailable)
rNeg     + . .     Faith    .   M - +0 troll leather armour
rPois    ∞         Spirit   .   (no helmet)
rElec    +         Reflect  .   u - +0 cloak
rCorr    .         Harm     .   z - +0 pair of gloves
MR       .....                  H - +0 pair of boots
Stlth    ..........             (no amulet)
HPRegen  0.62/turn              E - ring of attention (curse)
MPRegen  0.13/turn              I - +5 ring of protection

@: berserk cooldown, slowed, very slow
A: negative energy resistance 1, electricity resistance, unbreathing,
petrification resistance, rot immunity, AC +8
a: Berserk, Trog's Hand, Brothers in Arms, Renounce Religion


You were on level 12 of the Dungeon.
You worshipped Trog.
Trog was extremely pleased with you.
You were not hungry.

You visited 1 branch of the dungeon, and saw 12 of its levels.
You also visited: Sewer and Ossuary.

You collected 564 gold pieces.
You spent 140 gold pieces at shops.

Inventory:

Hand Weapons
 a - a +8 dire flail (weapon)
 b - a +4 great mace of flaming
Armour
 u - a +0 cloak (worn)
 z - a +0 pair of gloves (worn)
 H - a +0 pair of boots (worn)
 M - a +0 troll leather armour (worn)
Jewellery
 E - a cursed ring of attention (left hand)
 F - an uncursed ring of flight
 I - a +5 ring of protection (right hand)
Wands
 D - a wand of flame (18)
 J - a wand of acid (18)
 N - a wand of digging (12)
Scrolls
 f - 5 scrolls of fog
 n - a scroll of random uselessness {unknown}
 q - 4 scrolls of teleportation
 s - 15 scrolls of identify {unknown}
 t - 7 scrolls of remove curse
 w - 4 scrolls of amnesia {unknown}
 y - a scroll of immolation {unknown}
 A - a scroll of fear {unknown}
 B - 4 scrolls of enchant armour
 C - a scroll of vulnerability {unknown}
 G - 5 scrolls of enchant weapon {unknown}
 L - a scroll of magic mapping
Potions
 d - a potion of resistance {unknown}
 e - 3 potions of ambrosia {unknown}
 g - 4 potions of heal wounds
 h - a potion of invisibility {unknown}
 i - 5 potions of flight {unknown}
 j - a potion of mutation {unknown}
 k - 4 potions of lignification {unknown}
 l - 4 potions of might
 m - 4 potions of brilliance {unknown}
 o - a potion of berserk rage {unknown}
 p - 3 potions of degeneration {unknown}
 v - 7 potions of curing
 x - 2 potions of agility
Comestibles
 c - 19 rations


   Skills:
 + Level 7.4 Fighting
 + Level 11.1 Maces & Flails
 + Level 11.7 Armour
 + Level 9.2 Dodging


You had 11 spell levels left.
You didn't know any spells.
Your spell library was empty.

Dungeon Overview and Level Annotations

Branches:
Dungeon (12/15)            Temple (0/1) D:7            Lair (0/6) D:10
    Orc (0/2) D:12          Sewer (visited)         Ossuary (visited)

Altars:
Ashenzari
Cheibriados
Dithmenos
Fedhas
Hepliaklqana
Kikubaaqudgha
Makhleb
Uskayaw
Zin

Shops:
D:4 !

Annotations:
D:9 1 runed translucent door, bmj180's ghost, novice DrCj


Innate Abilities, Weirdness & Mutations

You are resistant to torment.
Your stone body is resilient. (AC +8)
You are immune to poison.
You resist negative energy. (rN+)
You are resistant to electric shocks. (rElec)
You can survive without breathing.
You are immune to petrification.
You are immune to rotting.


Message History

The titanic slime creature is almost dead.
The titanic slime creature completely misses you.
The orc priest looks braver for a moment.
You barely miss the titanic slime creature.
The titanic slime creature is almost dead.
The titanic slime creature hits you!!!
Ouch! That really hurt!
* * * LOW HITPOINT WARNING * * *
You hear a shout! x2
Unknown command.
Throwing (i - inventory)
r - a throwing net (quivered)
Press: ? - help, Shift-Dir - straight line, f/p - titanic slime creature
Aim: a titanic slime creature (almost dead, immune to nets)
You throw a throwing net.
The throwing net hits the titanic slime creature.
The titanic slime creature is too large for the net to hold!
The titanic slime creature is almost dead.
The titanic slime creature hits you!!!
Ouch! That really hurt!
You die...

(.. #........)....#
#.###.#...........###. .
#.#.....###........... ...##
#.#.....# #.##....#...
......#'#.....# #.........#.
#....).......###.##..###.##
....##..o.ooW...............
# #....##J##.##........###
.....####@##.####.....#...
.>#..#####.##.# #.#.##..##
......#>....##.####.#....##.
....#####.####.#.##.#...##..
#.. #.###..>.#.....##...
#......#.##.#..#....
######.#.##.#..#)...
#######.#.#.....#....
##.......#.#.##..#.###


You could see a titanic slime creature, a phantom and 2 orc priests.

Vanquished Creatures
  Erolcha (D:11)
  A hydra (D:12)
  A two-headed ogre (D:8)
  A tengu warrior (D:12)
  2 ugly things
  2 deep elf magi (D:12)
  A manticore (D:12)
  A kobold demonologist (D:12)
  A komodo dragon (D:10)
  2 trolls
  7 yaks
  A shadow (D:12)
  A wyvern (D:9)
  2 hungry ghosts
  Grum (D:11)
  Menkaure (D:5)
  An acid dragon (D:11)
  A water moccasin (D:8)
  Duvessa (D:6)
  2 black bears
  2 ice beasts
  An eye of draining (D:12)
  5 orc warriors
  A phantom (D:12)
  A sky beast (D:8)
  A hornet zombie (D:8)
  A necrophage (D:10)
  8 centaurs
  4 ogres
  3 wolves (D:11)
  4 big kobolds
  5 bullfrogs
  2 elf zombies (Ossuary)
  2 gnoll sergeants
  Dowan (D:6)
  2 scorpions
  A wyvern skeleton (D:8)
  3 killer bees (D:11)
  12 wights
  5 crimson imps
  4 centaur zombies
  2 quasits
  A bullfrog zombie (D:12)
  A human zombie (Ossuary)
  2 hounds
  A gnoll shaman (D:4)
  A jelly (D:4)
  8 orc priests
  22 orc wizards
  3 bullfrog skeletons
  4 iguanas
  4 worker ants
  3 big kobold zombies (Ossuary)
  A hound zombie (Ossuary)
  2 hound skeletons
  3 mummies (Ossuary)
  15 gnolls
  7 adders
  2 river rats (Sewer)
  A shadow imp (D:6)
  6 adder zombies
  2 adder skeletons
  4 worms
  A dart slug (D:1)
  7 leopard geckos
  51 orcs
  8 bats
  5 giant cockroaches
  2 gnoll zombies (Ossuary)
  7 hobgoblins
  15 jackals
  2 quokkas
  3 ball pythons
  3 frilled lizards
  8 goblins
  3 goblin zombies (Ossuary)
  6 hobgoblin zombies (Ossuary)
  A jackal skeleton (D:4)
  2 jackal zombies (Ossuary)
  23 kobolds
  2 kobold zombies (Ossuary)
  2 orc zombies (Ossuary)
  A quokka skeleton (D:9)
  3 quokka zombies (Ossuary)
  16 rats
  2 rat zombies (Ossuary)
367 creatures vanquished.

Vanquished Creatures (others)
  2 plants (D:10)
2 creatures vanquished.

Grand Total: 369 creatures vanquished

Notes
Turn   | Place    | Note
-------+----------+-------------------------------------------
     0 | D:1      | Borgoz the Gargoyle Berserker began the quest for the Orb.
     0 | D:1      | Reached XP level 1. HP: 14/14 MP: 1/1
    99 | D:1      | Reached XP level 2. HP: 19/19 MP: 2/2
   438 | D:1      | Reached XP level 3. HP: 22/23 MP: 3/3
   539 | D:1      | Reached ** piety under Trog
  1399 | D:2      | Reached XP level 4. HP: 28/28 MP: 4/4
  1643 | D:2      | Noticed a +0 dagger
  1643 | D:2      | Noticed a +0 hand axe
  1644 | D:2      | Found a hide-covered altar of Uskayaw.
  2471 | D:3      | Reached XP level 5. HP: 30/32 MP: 5/5
  2633 | D:3      | Reached *** piety under Trog
  2696 | D:3      | Noticed an ogre
  2706 | D:3      | Killed an ogre
  2706 | D:3      | Reached XP level 6. HP: 37/37 MP: 6/6
  3167 | D:4      | Found Niavveol's Distillery.
  3188 | D:4      | Bought a potion of heal wounds for 50 gold pieces
  3188 | D:4      | Bought a potion of might for 40 gold pieces
  3188 | D:4      | Bought a potion of heal wounds for 50 gold pieces
  3206 | D:4      | Reached skill level 5 in Maces & Flails
  3290 | D:4      | Reached XP level 7. HP: 41/41 MP: 7/7
  3680 | D:4      | Reached skill level 5 in Armour
  3769 | D:5      | Entered Level 5 of the Dungeon
  3947 | D:5      | Reached **** piety under Trog
  3993 | D:5      | Found a hazy altar of Hepliaklqana.
  4017 | D:5      | Noticed Menkaure
  4028 | D:5      | Killed Menkaure
  4028 | D:5      | Reached XP level 8. HP: 37/46 MP: 8/8
  4072 | D:5      | Found a sand-covered staircase.
  4079 | Ossuary  | Entered an ossuary
  4804 | Ossuary  | Reached skill level 5 in Dodging
  5069 | D:5      | Reached ***** piety under Trog
  5069 | D:5      | Received a gift from Trog
  5430 | D:6      | Found a glowing drain.
  5461 | Sewer    | Entered a sewer
  5468 | Sewer    | Reached XP level 9. HP: 39/51 MP: 9/9
  5622 | Sewer    | Found a white marble altar of Elyvilon.
  5765 | D:6      | Noticed Dowan
  5767 | D:6      | Noticed Duvessa
  5775 | D:6      | Killed Duvessa
  5784 | D:6      | Killed Dowan
  6104 | D:7      | Received a gift from Trog
  6325 | D:7      | Found a staircase to the Ecumenical Temple.
  6522 | D:7      | Found a snail-covered altar of Cheibriados.
  6713 | D:7      | Found a shadowy altar of Dithmenos.
  6739 | D:8      | Noticed a two-headed ogre
  6748 | D:8      | Killed a two-headed ogre
  6748 | D:8      | Reached XP level 10. HP: 50/56 MP: 10/10
  6892 | D:8      | HP: 2/56 [orc priest/divine providence (11)]
  7202 | D:8      | Found an ancient bone altar of Kikubaaqudgha.
  7202 | D:8      | Found a burning altar of Makhleb.
  7207 | D:8      | Found a glowing silver altar of Zin.
  7207 | D:8      | Noticed an angel
  7208 | D:8      | Noticed a blizzard demon
  7404 | D:9      | Found a runed translucent door.
  7414 | D:9      | Noticed bmj180's ghost (novice DrCj)
  7840 | D:9      | Received a gift from Trog
  7902 | D:9      | Found a blossoming altar of Fedhas.
  8012 | D:9      | Reached skill level 10 in Armour
  8016 | D:9      | Found a shattered altar of Ashenzari.
  8108 | D:10     | Entered Level 10 of the Dungeon
  8257 | D:10     | Reached XP level 11. HP: 21/62 MP: 11/11
  8500 | D:10     | Identified the +2 robe of Elitism {rN+}
  8590 | D:10     | Reached skill level 10 in Maces & Flails
  8641 | D:10     | Reached skill level 5 in Fighting
  8733 | D:10     | Found a staircase to the Lair.
  9202 | D:11     | Noticed Grum
  9217 | D:11     | Killed Grum
  9513 | D:11     | Received a gift from Trog
  9569 | D:11     | Noticed a green ugly thing
  9579 | D:11     | Killed a green ugly thing
  9629 | D:11     | Noticed Erolcha
  9635 | D:11     | Killed Erolcha
  9871 | D:12     | Noticed a deep elf mage
  9882 | D:12     | Killed a deep elf mage
  9955 | D:12     | Found a staircase to the Orcish Mines.
 10037 | D:12     | Noticed an eight-headed hydra
 10044 | D:12     | Killed an eight-headed hydra
 10099 | D:12     | Noticed a brown ugly thing
 10107 | D:12     | Killed a brown ugly thing
 10201 | D:12     | Noticed a tengu warrior
 10216 | D:12     | Killed a tengu warrior
 10216 | D:12     | Reached XP level 12. HP: 64/72 MP: 12/12
 10520 | D:12     | HP: 3/72 [titanic slime creature (56)]
 10521 | D:12     | Annihilated by a titanic slime creature

Levels and vault maps discovered:
D:1:      dpeg_arrival_leaves_temple_mockup, layout_basic
D:2:      minmay_general_purpose_star, layout_basic, dancing_weapons_uskayaw,
          minmay_rat_gold_closets
D:3:      layout_rooms, chequers_serial_rivers_micro_c
D:4:      kennysheep_spiral_hall, layout_loops_cross, serial_shops, shop,
          first_ration
D:5:      layout_loops_cross, kennysheep_mini, enter_ossuary_1,
          minmay_a_box_with_orc_wizards_in_it, uniq_menkaure
D:6:      layout_rooms, gup_sewer_entry_glass, uniq_duvessa
D:7:      layout_cave_pools, lemuel_coloured_pillars_altar,
          cheibrodos_worm_habitat, minmay_temple_entry_proselytizer
D:8:      layout_rooms, grunt_temple_overflow_order_and_chaos_2,
          nicolae_overflow_hidden_temple
D:9:      layout_rooms, fedhas_bush_and_centaur_altar, marbit_many_paths,
          gammafunk_ghost_grave
D:10:     layout_basic, david_lair_shrubbed
D:11:     layout_basic, uniq_erolcha, uniq_grum
D:12:     minmay_the_grid_octo_2x2 [minmay_the_grid_octo_empty,
          minmay_the_grid_octo_77, minmay_the_grid_octo_tetromino_candy,
          minmay_the_grid_octo_prize_single_spiral], layout_basic, orc_0_dummy

Skill      XL: |  1  2  3  4  5  6  7  8  9 10 11 |
---------------+----------------------------------+-----
Dodging        | 2 3 4 5 7 8 9 |  9.2
Armour         | 3 4 6 7 9 10 11 | 11.7
Maces & Flails | 4 5 6 7 8 9 11 | 11.1
Fighting       | 4 7 |  7.4

Action                   |  1- 3 |  4- 6 |  7- 9 | 10-12 || total
-------------------------+-------+-------+-------+-------++-------
Melee: Mace              |   102 |    89 |   391 |       ||   582
       Morningstar       |       |   132 |       |       ||   132
       Dire flail        |       |       |   174 |   544 ||   718
Throw: Throwing net      |       |       |       |     2 ||     2
Invok: Berserk           |       |     3 |     5 |    11 ||    19
       Trog's Hand       |       |       |     1 |     2 ||     3
Evoke: Wand              |       |       |       |     1 ||     1
  Use: Scroll            |       |     5 |     3 |       ||     8
       Potion            |       |       |     1 |     1 ||     2
 Stab: Sleeping          |       |     2 |       |       ||     2
       Held in net/web   |       |       |       |     5 ||     5
  Eat: Chunk             |       |    11 |    14 |    20 ||    45
       Ration            |       |       |     1 |     2 ||     3
Armor: Animal skin       |    50 |    96 |   243 |    98 ||   487
       Troll leather arm |       |       |       |   127 ||   127
Dodge: Dodged            |   108 |   149 |   435 |   386 ||  1078

Table legend:
 A = Non-vault XP
 B = Vault XP
 C = Vault XP percentage of total XP
 D = Non-vault monster count
 E = Vault monster count
 F = Vault count percentage of total count
                 A         B        C        D         E       F
            +---------+---------+-------+---------+---------+-------
      Total |   14879 |    5781 |  28.0 |     281 |      86 |  23.4
            +---------+---------+-------+---------+---------+-------
        D:1 |      59 |       0 |   0.0 |      35 |       0 |   0.0
        D:2 |      57 |      12 |  17.4 |      11 |      11 |  50.0
        D:3 |     256 |       0 |   0.0 |      25 |       0 |   0.0
        D:4 |     358 |       3 |   0.8 |      16 |       1 |   5.9
        D:5 |     411 |     369 |  47.3 |      15 |       6 |  28.6
        D:6 |     891 |     246 |  21.6 |      21 |       6 |  22.2
        D:7 |     806 |      45 |   5.3 |      12 |       2 |  14.3
        D:8 |    2295 |       0 |   0.0 |      32 |       0 |   0.0
        D:9 |     906 |     331 |  26.8 |      22 |       2 |   8.3
       D:10 |    2887 |     389 |  11.9 |      40 |       1 |   2.4
       D:11 |    1864 |    1536 |  45.2 |      23 |       5 |  17.9
       D:12 |    4089 |    2229 |  35.3 |      29 |       4 |  12.1
      Sewer |       0 |     135 | 100.0 |       0 |      10 | 100.0
    Ossuary |       0 |     486 | 100.0 |       0 |      38 | 100.0
            +---------+---------+-------+---------+---------+-------
